Map: 2000 애트모스피어 - 래더

Players

TIME (Oliveira)

  • Race: Terran Terran

Dark - Winner!

  • Race: Zerg Zerg

Event: IEM Katowice 2022

VOD

Have the link to the VOD?

Description

Time

  • Played on: Feb. 24, 2022, 12:15 p.m.
  • Length: 9:57

All games in this series

Show
View Real Time Build Order
Export as new Build Order

TIME Terran 

Build Orders: Reaper Expand, Hellion Banshee 

Get SALT Encoding   

  12  0:00  SCV  
  13  0:12  SCV  
  14  0:17  Supply Depot  
  14  0:24  SCV  
  15  0:39  SCV, Barracks  
  16  0:43  Refinery  
  16  0:51  SCV  
  17  1:03  SCV  
  18  1:15  SCV  
  19  1:27  Reaper, Orbital Command  
  20  1:41  Command Center  
  20  1:49  Supply Depot  
  20  1:53  SCV  
  21  1:59  Marine  
  22  2:05  SCV  
  23  2:13  Factory  
  23  2:17  SCV  
  23  2:21  Barracks Reactor  
  24  2:29  SCV  
  25  2:41  SCV  
  26  2:44  Command Center  
  26  2:53  Orbital Command  
  26  2:55  SCV  
  27  3:02  Starport  
  27  3:07  SCV  
  27  3:11  Hellion x2  
  32  3:17  Refinery  
  32  3:19  SCV x2  
  34  3:21  Barracks Tech Lab  
  34  3:31  SCV  
  34  3:33  SCV, Hellion x2  
  40  3:43  SCV  
  40  3:45  SCV  
  40  3:46  Banshee, Marine  
  46  3:56  SCV, Hellion x2  
  46  3:58  Orbital Command  
  46  4:02  SCV  
  52  4:04  Barracks Tech Lab  
  52  4:08  SCV  
  53  4:15  Supply Depot  
  53  4:16  SCV  
  54  4:18  Hellion x2  
  54  4:23  SCV x2  
  60  4:24  Marine  
  60  4:25  Stimpack  
  61  4:31  Supply Depot  
  61  4:37  SCV x2, Starport Reactor  
  63  4:42  Marine  
  64  4:46  Barracks  
  64  4:49  SCV, Barracks  
  64  4:50  SCV  
  64  4:51  Refinery  
  64  4:52  Siege Tank  
  69  4:53  SCV  
  69  4:55  Supply Depot  
  70  5:00  Supply Depot  
  70  5:02  SCV  
  70  5:04  Engineering Bay x2, Marine  
  70  5:06  SCV x2  
  74  5:14  SCV, Refinery  
  74  5:18  SCV  
  74  5:19  SCV  
  77  5:22  Marine  
  77  5:25  Starport Reactor  
  79  5:30  Orbital Command, Terran Infantry Weapons Level 1  
  79  5:32  SCV  
  79  5:34  SCV  
  80  5:35  Marine x2  
  80  5:38  Terran Infantry Armor Level 1  
  80  5:39  Barracks x2  
  82  5:44  SCV  
  82  5:46  Marine x3  
  82  5:49  SCV  
  87  5:51  Siege Tank  
  87  5:53  Marine  
  87  5:55  Supply Depot x2  
  91  5:59  Marine  
  91  6:00  SCV  
  93  6:09  Armory  
  93  6:15  Supply Depot  
  93  6:16  SCV x2, Marine x2, Medivac x2, Combat Shield  
  93  6:17  SCV, Marine  
  103  6:24  Marine  
  104  6:27  Supply Depot  
  104  6:28  SCV  
  104  6:31  Barracks Reactor x2  
  104  6:32  SCV x2  
  107  6:34  Refinery  
  107  6:37  Supply Depot  
  107  6:39  Marine  
  108  6:40  SCV, Marine  
  108  6:41  Supply Depot  
  108  6:44  Siege Tank  
  108  6:45  Marine x2  
  108  6:47  SCV  
  116  6:48  SCV  
  116  6:53  Marine  
  118  6:56  Marine  
  118  6:58  Marine  
  118  7:00  Drilling Claws  
  121  7:01  SCV, Factory  
  121  7:03  SCV  
  121  7:08  Marine  
  95  7:16  Marine x5  
  95  7:17  Siege Tank  
  95  7:18  SCV x3  
  95  7:20  Marine x2, Medivac x2  
  95  7:21  Refinery  
  111  7:23  Marine  
  111  7:26  Marine  
  111  7:27  Command Center  
  113  7:33  Marine, Terran Infantry Weapons Level 2  
  113  7:34  Marine x4  
  113  7:36  SCV  
  119  7:38  Marine x2  
  119  7:41  Marine  
  119  7:44  Marine  
  122  7:48  Factory Reactor  
  123  7:51  Marine  
  123  7:53  Marine  
  123  7:55  Marine  
  123  7:57  Marine x2  
  123  7:58  Siege Tank  
  130  8:00  Marine x2  
  132  8:06  Marine x2  
  132  8:09  Marine  
  132  8:11  Marine, Medivac  
  138  8:15  Marine, Medivac  
  141  8:20  Supply Depot, Marine  
  141  8:21  Marine x2  
  141  8:22  Barracks  
  141  8:23  Barracks  
  141  8:26  Barracks  
  144  8:27  Widow Mine x2  
  144  8:29  Marine  
  149  8:38  Marine x3  
  149  8:39  Marine x2  
  149  8:40  Siege Tank  
  157  8:44  Supply Depot  
  157  8:45  Marine  
  157  8:48  SCV, Marine, Sensor Tower  
  159  8:50  Widow Mine x2, Medivac  
  159  8:52  SCV x2  
  159  8:53  Marine  
  170  8:57  Medivac  
  170  9:00  Marine  
  172  9:04  SCV, Marine  
  174  9:11  Marine x3  
  174  9:12  Widow Mine x2  
  174  9:14  Barracks Tech Lab  
  174  9:15  Barracks Tech Lab  
  174  9:16  Barracks Tech Lab  
  181  9:19  Marine x2  
  183  9:24  Marine  
  183  9:37  Marine x3  
  183  9:38  Marine  
Show
View Real Time Build Order
Export as new Build Order

Dark Zerg - Winner!

Build Orders: Hatch First 

Get SALT Encoding   

  12  0:00  Drone  
  13  0:12  Overlord  
  13  0:16  Drone  
  14  0:30  Drone x2  
  16  0:37  Drone  
  17  0:51  Hatchery  
  17  0:56  Drone  
  17  0:58  Drone  
  18  1:10  Extractor  
  17  1:14  Spawning Pool  
  17  1:17  Drone  
  17  1:21  Drone  
  18  1:30  Drone  
  19  1:42  Drone  
  20  1:54  Drone  
  21  2:03  Queen x2  
  21  2:04  Zergling x4  
  27  2:13  Zergling x2  
  27  2:15  Overlord  
  28  2:24  Hatchery  
  28  2:28  Drone  
  28  2:34  Drone x2  
  28  2:36  Drone  
  31  2:44  Queen  
  31  2:51  Overlord  
  33  2:52  Drone  
  33  2:55  Drone  
  35  2:59  Drone  
  36  3:10  Drone x2  
  38  3:14  Metabolic Boost  
  38  3:15  Drone x3  
  38  3:19  Queen  
  41  3:20  Drone  
  44  3:31  Overlord  
  44  3:38  Queen  
  44  3:39  Overlord  
  44  3:40  Drone x2  
  44  3:41  Drone x2  
  50  3:46  Overlord  
  50  3:49  Overlord  
  50  3:50  Drone  
  50  3:51  Zergling x2  
  50  3:53  Zergling x2  
  53  3:55  Zergling x2  
  53  3:56  Drone  
  53  4:00  Queen  
  57  4:03  Drone  
  57  4:04  Extractor  
  57  4:05  Drone  
  57  4:06  Drone  
  59  4:11  Drone x3  
  59  4:14  Drone x2  
  64  4:20  Drone, Evolution Chamber x2  
  64  4:22  Drone  
  65  4:24  Drone x2  
  65  4:33  Drone x4  
  65  4:34  Drone  
  65  4:37  Drone  
  71  4:41  Drone x2  
  73  4:47  Spore Crawler x2, Queen  
  73  4:49  Spore Crawler  
  73  4:50  Zergling x6  
  73  4:51  Zergling x2  
  76  4:53  Spore Crawler  
  76  4:55  Zergling x4  
  76  4:59  Spore Crawler  
  76  5:02  Zerg Melee Weapons Level 1  
  76  5:05  Zerg Ground Armor Level 1  
  76  5:11  Drone x3  
  76  5:13  Drone  
  80  5:14  Drone x2  
  80  5:19  Overlord  
  82  5:24  Overlord  
  82  5:25  Overlord  
  82  5:33  Lair, Overlord  
  82  5:36  Drone, Extractor  
  82  5:37  Extractor  
  82  5:38  Drone  
  82  5:39  Drone x5  
  82  5:42  Drone x2  
  89  5:43  Drone  
  89  5:46  Hatchery  
  89  5:48  Drone  
  90  5:51  Drone x2  
  90  5:53  Hatchery  
  92  5:57  Hatchery  
  91  6:09  Drone  
  91  6:10  Baneling Nest  
  91  6:11  Drone x5  
  93  6:15  Hatchery  
  93  6:17  Drone x2  
  97  6:24  Zergling x8  
  97  6:25  Hatchery  
  100  6:31  Zergling x2  
  101  6:33  Infestation Pit  
  101  6:34  Zergling x2  
  101  6:35  Zergling x2  
  101  6:43  Overlord x2  
  101  6:49  Zergling x2  
  101  6:52  Centrifugal Hooks  
  101  6:54  Baneling x7  
  101  6:55  Baneling  
  101  6:56  Zergling x2  
  101  6:57  Zergling x8  
  101  6:58  Zerg Melee Weapons Level 2  
  101  6:59  Burrow  
  101  7:00  Drone  
  107  7:02  Zergling x6  
  107  7:03  Baneling x2  
  110  7:15  Zergling x16  
  109  7:18  Drone x2  
  109  7:20  Hive  
  109  7:21  Drone x2  
  109  7:22  Drone, Extractor  
  113  7:23  Spore Crawler, Extractor  
  113  7:24  Drone  
  113  7:25  Drone x2  
  113  7:29  Zerg Ground Armor Level 2  
  114  7:31  Drone x4  
  114  7:34  Drone x3  
  114  7:35  Zergling x2  
  121  7:41  Zergling x6  
  121  7:42  Baneling x5  
  121  7:43  Zergling x4  
  126  7:44  Zergling x4  
  126  7:45  Spore Crawler  
  126  7:57  Zergling x12  
  126  7:58  Zergling x10  
  132  7:59  Zergling x10  
  132  8:03  Drone x3  
  140  8:09  Overlord x2  
  140  8:10  Overlord  
  140  8:11  Zergling x8  
  144  8:14  Overlord  
  144  8:15  Overlord  
  144  8:16  Baneling  
  144  8:17  Baneling x4  
  144  8:21  Baneling x3  
  144  8:23  Zergling x4  
  144  8:26  Baneling x2  
  144  8:27  Baneling  
  146  8:28  Zergling x2  
  146  8:29  Zergling x16  
  155  8:37  Baneling x10  
  155  8:38  Zergling x16  
  163  8:43  Zergling x12  
  168  8:49  Zergling x14  
  168  8:54  Viper x2  
  179  9:01  Zergling x12  
  185  9:05  Overlord  
  183  9:11  Overlord  
  183  9:13  Overlord  
  183  9:15  Zergling x6  
  185  9:24  Zergling x16  
  183  9:38  Zergling x4  
  183  9:39  Zergling x24  

Tags
 
Add a new tag
Caveats
  • Supply blocks, unpowered buildings, or Contaminate may cause inaccurate times.
  • Supply counts are checked every 10 seconds.